 Dungeon Crawl Stone Soup version 0.22-a0-605-g9281fa2 (webtiles) character file.

55 Amnesiac the Changer (level 3, 0/21 HPs)
             Began as a Deep Elf Transmuter on July 8, 2018.
             Succumbed to an adder's poison
             ... on level 2 of the Dungeon.
             The game lasted 00:02:17 (1909 turns).

Amnesiac the Changer (Deep Elf Transmuter)          Turns: 1909, Time: 00:02:18

Health: 0/21       AC:  2    Str:  9 (12) XL:     3   Next: 67%
Magic:  14/18      EV: 20    Int: 15 (18) God:
Gold:   47         SH:  0    Dex: 18 (20) Spells: 2/8 levels left

rFire    . . .     SeeInvis .     - Unarmed
rCold    . . .     Gourm    .   (shield currently unavailable)
rNeg     . . .     Faith    .   (armour currently unavailable)
rPois    x         Spirit   .   (helmet currently unavailable)
rElec    .         Reflect  .   (cloak currently unavailable)
rCorr    .         Harm     .   (gloves currently unavailable)
MR       .....     Rnd*Tele +   (boots currently unavailable)
Stlth    ++........             (no amulet)
HPRegen  0.07/turn              j - ring of teleportation (curse)
MPRegen  0.16/turn              g - ring of magical power

@: mighty, lethally poisoned (0 -> -11), spider-form (expiring), very slightly
contaminated
A: tiny
a: End Transformation


You were on level 2 of the Dungeon.
You were not hungry.
You were a venomous arachnid creature.
You visited 1 branch of the dungeon, and saw 2 of its levels.

You collected 47 gold pieces.

Inventory:

Missiles
 a - 8 arrows
Armour
 b - a +0 robe (melded)
Jewellery
 e - an uncursed ring of resist corrosion
 g - a ring of magical power (right front leg)
 j - a cursed ring of teleportation (left front leg)
Scrolls
 c - 2 scrolls of enchant weapon {!r}
Comestibles
 d - 2 rations
 i - 4 chunks of flesh


   Skills:
 + Level 2.1 Fighting
 - Level 2.4 Dodging
 - Level 2.4 Unarmed Combat
 - Level 3.0 Spellcasting
 - Level 3.5 Transmutations


You had 2 spell levels left.
You knew the following spells:

 Your Spells              Type           Power        Failure   Level  Hunger
a - Sticks to Snakes      Tmut           ##......     19%         2    ##.....
b - Beastly Appendage     Tmut           ##....       14%         1    #......
e - Spider Form           Tmut/Pois      #.........   50%         3    ###....

Your spell library contained the following spells:

 Spells                   Type           Power        Failure   Level  Hunger
 Blade Hands              Tmut           ##........   91%         5    ######.
 Ice Form                 Ice/Tmut       #.......     85%         4    #####..


Dungeon Overview and Level Annotations

Branches:
Dungeon (2/15)

Altars:


Message History

An adder is nearby!
Casting: Spider Form (safe; 24% risk of failure)
Confirm with . or Enter, or press ? or * to list all spells.
You miscast Spider Form.
You are very lightly contaminated with residual magic.
You feel slightly ill.
The adder hisses angrily.
The adder barely misses you.
Casting: Spider Form (safe; 24% risk of failure)
Confirm with . or Enter, or press ? or * to list all spells.
You turn into a venomous arachnid creature.
The adder bites you.
You are poisoned.
The adder poisons you!
You closely miss the adder.
You feel sick. The adder closely misses you. The adder misses you.
You completely miss the adder.
You feel sick. The adder completely misses you.
You hit the adder.
The adder is lightly wounded.
The adder completely misses you.
You closely miss the adder.
The adder is lightly wounded.
You feel sick. The adder barely misses you. The adder completely misses you.
You miss the adder.
The adder is lightly wounded.
You feel sick. The adder bites you.
* * * LOW HITPOINT WARNING * * *
You are more poisoned.
The adder poisons you!
You hit the adder.
The adder is poisoned.
The adder is moderately wounded.
* * * LOW HITPOINT WARNING * * *
You feel sick. The adder completely misses you.
You hit the adder but do no damage.
The adder is moderately wounded.
* * * LOW HITPOINT WARNING * * *
You feel sick. The adder misses you.
You are too injured to fight recklessly!
You are too injured to fight recklessly!
You are too injured to fight recklessly!
You are too injured to fight recklessly!
You are too injured to fight recklessly!
Really quaff
f - a lumpy amethyst potion {!q}?
It was a potion of might {!q}.
You feel very mighty all of a sudden.
* * * LOW HITPOINT WARNING * * *
You feel sick. The adder misses you.
You hit the adder.
You kill the adder!
Your Fighting skill increases to level 2!
* * * LOW HITPOINT WARNING * * *
You feel sick.
Really quaff
h - a lumpy emerald potion {!q}? [Y]es or [N]o only, please.
Really quaff
h - a lumpy emerald potion {!q}?
It was a potion of degeneration {!q}.
There was something very wrong with that liquid.
You feel weakened.
You feel dopey.
You feel clumsy.
* * * LOW HITPOINT WARNING * * *
You feel sick.
Your transformation is almost over.
* * * LOW HITPOINT WARNING * * *
You feel sick.
You die...

## #. #####.
#.#..<#.#######
#.....#.s.....#
#...#.#######.#
#####..)......#
#######.### #.#
###


There were no monsters in sight!

Vanquished Creatures
  An adder (D:2)
  2 oozes (D:1)
  A worm (D:2)
  A dart slug (D:1)
  A leopard gecko (D:1)
  2 bats (D:1)
  A giant cockroach (D:1)
  3 goblins (D:1)
  6 hobgoblins
  A frilled lizard (D:1)
  5 kobolds (D:1)
  4 rats
28 creatures vanquished.

Vanquished Creatures (collateral kills)
  4 jackals (D:1)
4 creatures vanquished.

Grand Total: 32 creatures vanquished

Notes
Turn   | Place    | Note
-------+----------+-------------------------------------------
     0 | D:1      | Amnesiac the Deep Elf Transmuter began the quest for the Orb.
     0 | D:1      | Reached XP level 1. HP: 11/11 MP: 6/6
   221 | D:1      | Reached XP level 2. HP: 9/16 MP: 8/8
   231 | D:1      | Learned a level 2 spell: Sticks to Snakes
   625 | D:1      | Reached skill level 1 in Fighting
  1073 | D:1      | Reached XP level 3. HP: 2/20 MP: 2/9
  1090 | D:1      | Learned a level 3 spell: Spider Form
  1907 | D:2      | HP: 1/21 [poisoned by an adder]
  1909 | D:2      | Succumbed to an adder's poison

Vault maps used:
D:1:      minmay_arrival_arboretum_small, minivault_26

Skill      XL: |  1  2  3 |
---------------+----------+-----
Transmutations | 3 |  3.5
Fighting       | 1 2 |  2.1
Dodging        | |  2.4
Unarmed Combat | |  2.4
Spellcasting   | |  3.0

Action                   || total
-------------------------++-------
Melee: Unarmed           ||   113
       Kick              ||     7
       Headbutt          ||     4
 Cast: Beastly Appendage ||    12
       Sticks to Snakes  ||     4
       Spider Form       ||     7
  Use: Potion            ||     2
       Scroll            ||     1
 Stab: Sleeping          ||     2
  Eat: Chunk             ||     4
Armor: Robe              ||    13
       Skin              ||     3
Dodge: Dodged            ||    72

Table legend:
 A = Spawn XP
 B = Non-spawn XP
 C = Spawn XP percentage of total XP
 D = Spawn monster count
 E = Non-spawn monster count
 F = Spawn count percentage of total count
 G = Total turns spent on level
                    A         B        C        D         E        F      G
               +---------+---------+-------+---------+---------+-------+---------
         Total |       0 |      79 |   0.0 |       0 |      32 |   0.0 |  1909
               +---------+---------+-------+---------+---------+-------+---------
           D:1 |       0 |      58 |   0.0 |       0 |      28 |   0.0 |  1869
           D:2 |       0 |      21 |   0.0 |       0 |       4 |   0.0 |    40
               +---------+---------+-------+---------+---------+-------+---------
